Map: Site Delta LE

Players

HUMAN

  • Race: Terran Terran
  • League: Gold
  • Spawn Location: 11:00

VOD

Have the link to the VOD?

Description

Time

  • Played on: April 18, 2024, 11:23 a.m.
  • Length: 13:17
Show
View Real Time Build Order
Export as new Build Order

HUMAN Terran 

Build Orders:  

Get SALT Encoding   

  12  0:00  SCV  
  13  0:23  Supply Depot  
  13  0:25  SCV  
  14  0:36  Refinery  
  14  0:41  SCV  
  15  1:00  Barracks  
  15  1:10  SCV  
  16  1:27  SCV  
  17  1:44  SCV  
  17  1:49  Supply Depot  
  18  2:02  SCV  
  19  2:11  Barracks Reactor  
  19  2:24  Barracks x2  
  19  2:27  Orbital Command  
  19  3:03  SCV  
  20  3:12  Marine  
  20  3:13  Marine  
  22  3:28  SCV  
  23  3:32  Stimpack  
  23  3:33  Barracks Tech Lab  
  23  3:35  Barracks Tech Lab  
  23  3:38  Command Center  
  23  3:39  Marine  
  24  3:41  Marine  
  24  3:45  SCV  
  26  3:54  Refinery  
  26  4:03  Marine x2  
  26  4:08  SCV  
  29  4:19  Supply Depot  
  29  4:25  SCV  
  29  4:28  Marine  
  31  4:49  SCV  
  32  4:53  Unknown  
  32  4:55  Marine x2  
  32  4:56  Barracks  
  34  5:03  Factory  
  34  5:11  Marine x2  
  36  5:20  Marine  
  36  5:22  Orbital Command  
  37  5:34  Marine  
  37  5:36  Marine  
  37  5:38  Marine  
  40  5:51  Supply Depot  
  40  5:53  SCV  
  41  6:05  Factory Reactor  
  41  6:10  SCV  
  41  6:11  Starport  
  41  6:12  Marine  
  41  6:16  SCV  
  44  6:26  Supply Depot  
  44  6:28  Marine  
  45  6:31  Marine  
  45  6:36  SCV  
  45  6:38  SCV  
  48  6:53  Marine x2, SCV  
  48  6:55  Marine, SCV  
  48  6:56  Marine  
  54  7:06  Supply Depot  
  54  7:19  Factory Reactor  
  54  7:21  Engineering Bay  
  54  7:22  Engineering Bay  
  54  7:31  Marine x3  
  54  7:34  Medivac x2  
  54  7:38  Supply Depot  
  54  7:39  SCV x2  
  63  8:06  Terran Infantry Weapons Level 1, Terran Infantry Armor Level 1  
  63  8:10  Concussive Shells  
  63  8:12  Barracks  
  63  8:14  Barracks  
  63  8:22  SCV  
  63  8:23  SCV  
  63  8:24  Marine  
  66  8:30  Marine x2  
  66  8:31  Marine  
  69  8:43  Widow Mine x2  
  69  8:49  Marine  
  70  8:55  Marine x3  
  77  9:12  Widow Mine  
  77  9:13  Widow Mine, Medivac x2  
  77  9:14  Marine  
  82  9:20  Marine x3  
  89  9:32  Barracks Reactor  
  89  9:33  Barracks Tech Lab  
  89  9:39  Marine  
  90  9:45  Marine  
  91  10:10  SCV x2  
  91  10:12  Refinery  
  91  10:17  Supply Depot, Refinery  
  91  10:19  Marine  
  94  10:20  Armory, Supply Depot  
  94  10:37  Widow Mine  
  94  10:40  Widow Mine  
  94  10:47  Marine x3, SCV x2  
  103  11:12  Marauder, Marine x2  
  107  11:27  SCV x2  
  109  11:34  Marine  
  110  11:40  Command Center  
  110  12:03  Marine x5, SCV x2  
  110  12:07  Supply Depot  
  110  12:08  Supply Depot x2  
  117  12:12  Supply Depot  
  117  12:13  Supply Depot  
  117  12:20  SCV x2  
  117  12:28  Marine x5  
  124  12:30  Medivac  
  124  12:37  SCV x2  
Tags
 
League
Gold
Matchup
Co-op
Add a new tag
Caveats
  • Supply blocks, unpowered buildings, or Contaminate may cause inaccurate times.
  • Supply counts are checked every 10 seconds.